Cogmind - Beta 14 @@@ ROGUE MODE // 2025.03.20 @ 20:36:59 Player: Zaros426 Result: Destroyed by as-60257 with Assembled Blade Performance ------------- Evolutions (0) 0 Regions Visited (2) 400 Robots Destroyed (46) 230 Value Destroyed (691) 691 Prototype IDs (5) 100 Alien Tech Used (0) 0 Bonus (16) 16 TOTAL SCORE: 1437 Bonus ------- High Alert Combat Kills 2 Follower Combat Kills 14 Cogmind --------- Core Integrity 0/250 Matter 166/300 Energy 139/250 System Corruption 0% Temperature Cool (0) Movement Treading (240) Ox1 Location -10/Mines Parts ------- > --- POWER (1) -------- Ion Engine > --- PROPULSION (2) --- Light Treads > --- UTILITY (2) ------ Large Storage Unit Hacking Suite > --- WEAPON (2) ------- Light Assault Rifle Rocket Launcher > --- INVENTORY (15) --- Disposable Heat Sink High-capacity Matter Pod (200) Improved Terrain Scanner Seismic Detector EM Pulse Gun Small Laser Beam Cannon Grenade Launcher Rocket Launcher Datajack Plasma Cutter Hammer Peak State ------------ > --- POWER ------------ Ion Engine > --- PROPULSION ------- Light Treads Light Treads > --- UTILITY ---------- Large Storage Unit Hacking Suite > --- WEAPON ----------- Rocket Launcher Hammer > --- INVENTORY -------- Ion Engine Light Treads Disposable Heat Sink High-capacity Matter Pod Improved Terrain Scanner Seismic Detector EM Pulse Gun Small Laser Beam Cannon Light Assault Rifle Light Assault Rifle Grenade Launcher Rocket Launcher Datajack Plasma Cutter [Rating: 12] Favorites ----------- Power Ion Engine Engine Ion Engine Propulsion Light Treads Treads Light Treads Utility Large Storage Unit Storage Large Storage Unit Hackware Hacking Suite Weapon Rocket Launcher Energy Gun Small Laser Ballistic Gun Light Assault Rifle Launcher Rocket Launcher Impact Weapon Hammer Special Melee Weapon Datajack Build | -11 -10 -10 ------- Run | Yrd Mat Min Slots Evolved . | . . . Power . | . . . Propulsion . | . . . Utility . | . . . Weapon . | . . . Parts Attached 23 | 8 7 8 Power 3 | 1 . 2 Engine 3 | 1 . 2 Core . | . . . Reactor . | . . . Propulsion 3 | 2 . 1 Treads 3 | 2 . 1 Leg . | . . . Wheel . | . . . Hover . | . . . Flight . | . . . Utility 3 | 1 2 . Device . | . . . Storage 2 | 1 1 . Processor . | . . . Hackware 1 | . 1 . Protection . | . . . Artifact . | . . . Weapon 14 | 4 5 5 Energy Gun 3 | 3 . . Energy Cannon . | . . . Ballistic Gun 5 | 1 1 3 Ballistic Cannon . | . . . Launcher 4 | . 3 1 Special Weapon . | . . . Impact Weapon 1 | . 1 . Slashing Weapon . | . . . Piercing Weapon . | . . . Special Melee Weapon 1 | . . 1 Unidentified Prototypes . | . . . Parts Lost 4 | . . 4 Power 1 | . . 1 Propulsion 2 | . . 2 Utility . | . . . Weapon 1 | . . 1 Highest Loss Streak 4 | . . 4 To Critical Strikes . | . . . Average Slot Usage (%) 97 | . 96 99 Engine 13 | . 14 13 Treads 27 | . 28 27 Storage 14 | . 14 14 Hackware 11 | . 10 14 Energy Gun 7 | . 10 . Ballistic Gun 1 | . 1 1 Launcher 13 | . 12 13 Impact Weapon 6 | . 3 13 Peak Build Rating 12 | 7 12 12 Average Rating 10 | 5 10 11 On Entrance 6 | . 6 12 Naked Turns . | . . . Heaviest Build 31 | 13 31 31 Greatest Support 40 | 40 40 40 Greatest Overweight (x) . | . . . Average Overweight (x) . | . . . Largest Inventory Capacity 15 | 8 15 15 Average Capacity 14 | 7 14 15 Most Carried 15 | 5 15 15 Average Carried 11 | 2 12 14 Final Capacity 15 | 8 15 15 Final Carried 15 | 5 15 12 Class Distribution -------------------- 100% | Mutant Dominant Class ---------------- Mutant | -10/Materials Mutant | -10/Mines Resources | -11 -10 -10 ----------- Run | Yrd Mat Min Matter Collected 826 | 304 311 211 Remotely . | . . . Salvage Created 1069 | 206 503 360 Parts 66 | 14 47 5 Haulers Intercepted 2 | . 2 . Recyclers Shooed 5 | 1 2 2 Parts Field Recycled . | . . . Retrieved Matter . | . . . Parts Self-Destructed . | . . . Prevented . | . . . Kills | -11 -10 -10 ------- Run | Yrd Mat Min Combat Hostiles Destroyed 30 | . 18 12 Melee 1 | . . 1 AOE 28 | . 18 10 Classes Destroyed 10 | 3 6 1 Worker 4 | 2 1 1 Builder 2 | . 2 . Tunneler 6 | 5 . 1 Hauler 2 | . 2 . Recycler 6 | 1 2 3 Operator 2 | . 2 . Watcher 1 | . 1 . Swarmer 13 | . 9 4 Grunt 9 | . 9 . Assembled 7 | . . 7 Best Kill Streak 8 | 4 7 8 Combat Bots Only 8 | . 4 8 Max Kills in Single Turn 3 | 1 3 3 Gunslinging . | . . . Exploded 3 | . 2 3 Melee 1 | . . 1 Uniques/NPCs Destroyed 1 | . . 1 YI-UF0 (-10/Mines) Combat | -11 -10 -10 -------- Run | Yrd Mat Min Hostile Shots Fired 91 | . 29 62 Missed 21 | . 7 14 Damage Taken 1133 | . 285 848 Core 277 | . 50 227 Absorbed by Shields . | . . . Core Remaining (%) 100 | 100 . . Volleys Fired 69 | 24 32 13 Largest 2 | 2 2 2 Hottest 73 | 60 73 40 Shots Fired 99 | 48 35 16 Gun 70 | 48 15 7 Cannon . | . . . Launcher 29 | . 20 9 Special . | . . . Kinetic 31 | 24 . 7 Thermal 39 | 24 15 . Explosive 29 | . 20 9 Electromagnetic . | . . . Robot Hit Streak 8 | 8 6 3 Robot Miss Streak 4 | 2 4 2 Penetration Max . | . . . Secondary Targets . | . . . Shots Hit Robots 74 | 35 17 22 Core Hits 63 | 11 29 23 Critical Kills 1 | . . 1 Critical Parts Destroyed 1 | . . 1 Critical Strikes 2 | . . 2 Smash 2 | . . 2 Melee Attacks 25 | . 2 23 Impact 24 | . 2 22 Slashing . | . . . Piercing . | . . . Sneak Attacks 10 | . 2 8 Combat Hostiles . | . . . Follow-up Attacks . | . . . Damage Inflicted 3188 | 332 1539 1317 Guns 473 | 332 95 46 Cannons . | . . . Explosions 2073 | . 1345 728 Melee 642 | . 99 543 Ramming . | . . . Kinetic 213 | 167 . 46 Thermal 260 | 165 95 . Explosive 2073 | . 1345 728 Electromagnetic . | . . . Impact 642 | . 99 543 Slashing . | . . . Piercing . | . . . Highest Corruption . | . . . Average Corruption . | . . . Corruption Purged . | . . . Corruption Blocked . | . . . Overload Shots . | . . . Overflow Damage 383 | . 93 290 Projectiles . | . . . Explosions 193 | . 93 100 Melee 190 | . . 190 Knockbacks 4 | . . 4 Impact 4 | . . 4 Kinetic . | . . . Secondary . | . . . Self-Inflicted Damage 88 | . 24 64 Shots 3 | . 1 2 Rammed . | . . . Targets Rammed . | . . . Kicked . | . . . Crushed . | . . . Highest Temperature 60 | 60 12 20 Average Temperature 22 | 27 9 20 Received Heat Transfer 130 | . 90 40 Siege Activations . | . . . Robots Corrupted 5 | . . 5 Combat Hostiles 1 | . . 1 Parts Fried 4 | . . 4 Impact Corruptions 10 | . . 10 Robots Melted . | . . . Combat Hostiles . | . . . Parts Melted . | . . . Heat Transferred 600 | 375 225 . Parts Sabotaged . | . . . Parts Stolen . | . . . Parts Stripped . | . . . Power Chain Reactions . | . . . Alert | -11 -10 -10 ------- Run | Yrd Mat Min Peak Influence 481 | 40 481 301 Initial 90 | . 26 90 Average 183 | 17 197 203 Maximum Alert Level 2 | . 2 1 Low Security (%) 51 | 100 52 33 Level 1 43 | . 40 66 Level 2 4 | . 7 . Level 3 . | . . . Level 4 . | . . . Level 5 . | . . . High Security . | . . . Max Security . | . . . Squads Dispatched 3 | . 3 . Investigation 2 | . 2 . Extermination . | . . . Reinforcement 1 | . 1 . Assault . | . . . Garrison . | . . . Intercept . | . . . Searches Triggered . | . . . Construction Impeded . | . . . Haulers Reinforced . | . . . Active Scanning Responses . | . . . Cargo Convoy Interrupts . | . . . Stealth | -11 -10 -10 --------- Run | Yrd Mat Min Distress Signals 1 | . 1 . Communications Jammed . | . . . Distress Signals . | . . . Times Spotted 52 | . 30 22 Peak Tracking Total 15 | . 5 15 Tactical Retreats 4 | . 1 3 Traps | -11 -10 -10 ------- Run | Yrd Mat Min Traps Triggered 1 | . 1 . Indirectly . | . . . Trap Hack Attempts . | . . . Triggered . | . . . Disarmed . | . . . Reprogrammed . | . . . Reused . | . . . Traps Extracted . | . . . Installed . | . . . Triggered . | . . . Machines | -11 -10 -10 ---------- Run | Yrd Mat Min Machines Disabled 13 | . 6 7 Max in Single Turn 6 | . 2 6 Machines Repaired . | . . . Machines Dismantled . | . . . Machines Sabotaged . | . . . Overloaded Fab Kills . | . . . Hacking | -11 -10 -10 --------- Run | Yrd Mat Min Machines Accessed 9 | . 9 . Terminals 7 | . 7 . Fabricators . | . . . Repair Stations . | . . . Recycling Units 2 | . 2 . Scanalyzers . | . . . Garrison Access . | . . . Total Hacks 36 | . 36 . Successful 18 | . 18 . Failed 17 | . 17 . Catastrophic 1 | . 1 . Database Lockouts 1 | . 1 . Manual 25 | . 25 . Terminals 33 | . 33 . Fabricators . | . . . Repair Stations . | . . . Recycling Units 3 | . 3 . Scanalyzers . | . . . Garrison Access . | . . . Terminal Hacks 9 | . 9 . Robot Analysis 4 | . 4 . Prototype ID Bank 1 | . 1 . Alert Level 1 | . 1 . Unreport Threat 1 | . 1 . Locate Traps 1 | . 1 . Zone Layout 1 | . 1 . Fabricator Hacks . | . . . Repair Station Hacks . | . . . Recycling Unit Hacks . | . . . Scanalyzer . | . . . Garrison Access Hacks . | . . . Unauthorized Hacks 9 | . 9 . Terminals 7 | . 7 . Botnet 1 | . 1 . Operators 1 | . 1 . Skim 5 | . 5 . Fabricators . | . . . Repair Stations . | . . . Recycling Units 2 | . 2 . Tunnel 2 | . 2 . Scanalyzers . | . . . Garrison Access . | . . . Data Cores Recovered 1 | . 1 . Used 1 | . 1 . Hacking Detections 7 | . 7 . Full Trace Events . | . . . Feedback Events . | . . . Feedback Blocked . | . . . Robot Schematics Acquired . | . . . Robots Built . | . . . Authchips . | . . . Time . | . . . Total Robot Build Rating . | . . . Part Schematics Acquired . | . . . Parts Built . | . . . Authchips . | . . . Time . | . . . Total Part Build Rating . | . . . Parts Repaired . | . . . Time . | . . . Parts Recycled . | . . . Recycled Matter . | . . . Retrieved Matter . | . . . Retrieved Components . | . . . Parts Scanalyzed . | . . . Part Schematics Acquired . | . . . Parts Damaged . | . . . Bothacking | -11 -10 -10 ------------ Run | Yrd Mat Min Used RIF Installer . | . . . Robots Hacked 1 | . . 1 Non-combat . | . . . Combat 1 | . . 1 Robot Hacks Applied 1 | . . 1 parse_system 1 | . . 1 Relay Couplers Released . | . . . Fabnet Peak Effective % . | . . . Robots Rewired . | . . . Allies Hacked . | . . . Hacks Repelled . | . . . Allies | -11 -10 -10 -------- Run | Yrd Mat Min Total Allies 1 | . . 1 Largest Group 1 | . . 1 Highest-Rated Group 31 | . . 31 Highest-Rated Ally 31 | . . 31 Total Orders . | . . . Ally Attacks 6 | . . 6 Total Damage 64 | . . 64 Kills 2 | . . 2 Allies Corrupted . | . . . Allies Melted . | . . . Intel | -11 -10 -10 ------- Run | Yrd Mat Min Robot Analysis Total 4 | . 4 . Derelict Logs Recovered 2 | . . 2 Drone Launches . | . . . Drone Recoveries . | . . . Exploration | -11 -10 -10 ------------- Run | Yrd Mat Min Turns Passed 2532 | 229 1603 700 Spaces Moved 1292 | 91 837 364 Core 3 | 3 . . Treads 1289 | 88 837 364 Legs . | . . . Wheels . | . . . Hover . | . . . Flight . | . . . Fastest Speed 50 | 50 160 160 Average Speed 159 | 156 160 160 Slowest Speed 160 | 160 160 160 Overloaded Moves . | . . . Propulsion Burnouts . | . . . Robots Hopped . | . . . Cave-ins Triggered . | . . . Exploration Rate (%) 59 | 8 97 73 Regions Visited 2 Branch Regions 1 Pre-discovered Areas 4 | . 2 2 Known Exits Taken . | . . . Unknown Exits Taken 2 | 1 1 . Scrap Searched 1 | . . 1 Spaces Dug 43 | . 40 3 Terrain Destroyed 248 | . 162 86 Melee . | . . . Projectile . | . . . AOE 248 | . 162 86 Terrain Rammed . | . . . Walls Destroyed . | . . . Machines Disabled . | . . . Actions | -11 -10 -10 --------- Run | Yrd Mat Min Total 1620 | 132 1061 427 Wait 187 | 1 168 18 Move 1290 | 90 836 364 Hop . | . . . Pick Up 20 | 7 13 . Fast Attach 7 | 6 1 . Attach 4 | . 1 3 Detach . | . . . Swap 12 | 2 5 5 Drop 6 | 2 3 1 Fire 69 | 24 32 13 Melee 25 | . 2 23 Ram . | . . . Kick . | . . . Crush . | . . . Escape Stasis . | . . . Rewire . | . . . Trap . | . . . Miscellaneous . | . . . Route ------- -11/Scrapyard -10/Materials (discovered 5 exits: *Mat x3 / [*Min x2]) -10/Mines (discovered 2 exits: *Mat x2) History --------- Turn | Location | Event 9 | -11/Scrapyard | Discovered new exit (range 15) 230 | -11/Scrapyard | Entered Materials 307 | -10/Materials | Build established: Mutant 358 | -10/Materials | Discovered new exit (range 11) 467 | -10/Materials | Discovered new exit (range 10) 864 | -10/Materials | Discovered new exit (range 12) 992 | -10/Materials | Discovered new exit (range 13) 1183 | -10/Materials | Central database locked down 1343 | -10/Materials | Discovered new exit (range 10) 1352 | -10/Materials | Learned location of 2 exits from Subcaves 1389 | -10/Materials | Learned Storage stockpile data 1457 | -10/Materials | Learned location of 1 exit from Recycling 1506 | -10/Materials | Learned location of 1 exit from Recycling 1833 | -10/Materials | Entered Mines 1834 | -10/Mines | Identified exit to Materials 1865 | -10/Mines | Received a Mining Laser from a helpful Derelict 1945 | -10/Mines | Learned location of Recycling (-8) 2468 | -10/Mines | Learned location of Zion (-7) 2477 | -10/Mines | Assembled infested the area 2482 | -10/Mines | Assisted by a Guerilla fighting off Assembled 2487 | -10/Mines | YI-UF0 nonchalantly dropped a Grenade Launcher on the ground 2517 | -10/Mines | Core integrity fell below 50% 2519 | -10/Mines | Destroyed YI-UF0 2526 | -10/Mines | Core integrity fell below 20% 2533 | -10/Mines | Destroyed by as-60257 with Assembled Blade Last Messages --------------- 02516_ Lgt. Treads destroyed. 02516_ Lgt. Assault Rifle destroyed. 02516_ YI-UF0: "BOOM!" 02516_ as-96831 destroyed. 02518_ YI-UF0 mumbles something. 02519_ Ion Engine destroyed. 02519_ YI-UF0 destroyed. 02519_ Destroyed Asb. F-torch. 02519_ as-50588 destroyed. 02519_ as-02684 destroyed. 02521_ as-24576 destroyed. 02521_ Destroyed Asb. Hover Unit. 02521_ as-77192 destroyed. 02522_ as-63242 destroyed. 02523_ Destroyed Asb. Hover Unit. 02524_ The unstable cave ceiling collapses. 02525_ as-58891 destroyed. 02527_ The unstable cave ceiling collapses. 02530_ as-36572 destroyed. 02532_ as-32567 destroyed. Map ----- +----------------------------------------------------+ | ?????????????????????????????????????????????????? | | ?????????????????????????????????????????????????? | | ?????????????????????????????????????????????????? | | #????????????????????????????????????????????????? | | #????????????????????????????????????????????????? | | ##???????????????????????????????????????????????? | | #???????????????????????????????????????????????? | | ##??????????????????????????????????????????????? | | #???????????????????????? ???????????????????? | | #???????????????????????? #?????????????????? | | #???????????????????????? ##???????????????? | | ##??????????????????????? ##??????????????? | | ##?????????????????????? #??????????????? | | # ##????????????####????? ##?????????????? | | ## ####???????### ##???? ####??????????? | | ?# ####???## #??## # ?????????? | | ## ##### #??# ????????? | | # "" #???# ?????????? | | """ ##### ???????????? | | "" # # ?????????????? | | # #??????????????? | | ### ########### #??????????????? | | ??### ##?????????# #???????????????? | | ?#### ###?????????# #?????????????????? | | ?# #########?# ###????????????????? | | ?# # #?# @a #????????????????? | | ?# #?### #????????????????? | | ?## ## ##### #???????????????? | | ??#### ### ## #????????????? | | ?????# #?###### #????????????? | | ?????# #??????######## aa #????????????? | | ?????# #?????????????## #????????????? | | #????# #??????????????# #????????????? | | ##???# #?????????????? % # #????????????? | | ##??# #?????????????? ########? #???????????? | | #??# #??????????????### ?????????? ????????????? | | #### ????????????????? ???????????????????????? | | ###????????????????? ???????????????????????? | | ## #???????????????????#???????????????????????? | | #?? ??????????????????????????????????????????? | | ##????#????? ???????????????????????????????????? | | #??????????? #??????????????????????????????????? | | #??????????? #??????????????????????????????????? | | ##????????? ##?????????????????????????????????? | | ##???????? ##??? ????????????????????????????? | | #???????? ### ???????????????????????????? | | #??????## ???????????????????????????? | | ##???#### #??????????????????????????? | | #???## #??????????????????????????? | | ##### #?####?????????????????????? | +----------------------------------------------------+ Best States ------------- Heat Dissipation 25 Energy Generation 10 Energy Capacity 250 Matter Stores 300 Matter Capacity 300 Sight Range 16 Terrain Scan Density 10 Evasion (%) 40 Recoil Reduction 2 Offensive Hacking 10 Item Schematics ----------------- None Robot Schematics ------------------ None Fabricated ------------ Nothing Alien Tech Used ----------------- None Achievements -------------- None Challenges ------------ None Game ------ Seed NeutronExoskeletonLaser Manual? 0 Play Time 00:18:43 Cumulative 193.0 hours Start 2025.03.20 @ 20:19:58 End 2025.03.20 @ 20:36:59 Sessions 1 Manual Loads 0 Difficulty Rogue Special Mode None Game No. 94 Rogue 94 Adventurer 0 Explorer 0 Win Type - Total 0 Types 0/0/0/0/0/0/0/0/0 Lore% 53 Gallery% 71 Achievement% 57 Wizard Run 0 Options --------- Layout 0 ASCII 0 Keyboard 0 Movement Mouse Keybinds 0 Fullscreen 1 Font 24/Smallcaps Map View 183x50 Zoom Use 0% Tactical HUD 1 Map Filters NONE Filters NONE Steam 0 RUN: b14f5043-3424-46f9-9b31-327c0b3ca5ae